[Event "Titled Tuesday Blitz February 15 Late 2022"]
[White "Gubajdullin, Alexei"]
[Black "Wan, Joseph"]
[WhiteFideId "4141202"]
[BlackFideId "2069890"]
[WhiteElo "2268"]
[BlackElo "2149"]
[Result "0-1"]
[Round "06"]
[TimeControl "180+1"]
[Date "2022.02.16"]
[WhiteClock "0:00:05"]
[BlackClock "0:00:11"]

1. d4 Nf6 2. Nf3 e6 3. Bf4 c5 4. e3 Nc6 5. Nbd2 d5 6. c3 Bd6 7. Ne5 O-O 8. Ndf3 Qc7 9. h4 Ne4 10. Bh2 cxd4 11. exd4 f6 12. Ng4 Bxh2 13. Ngxh2 Rd8 14. h5 e5 15. h6 g6 16. Be2 exd4 17. Nxd4 Re8 18. O-O Ne5 19. Ng4 Nxg4 20. Bxg4 f5 21. Bf3 Qf4 22. Qc1 Qh4 23. Bxe4 dxe4 24. g3 Qh3 25. Qg5 Bd7 26. Qf6 Qxh6 27. Rad1 Qg7 28. Qd6 Qf7 29. Nf3 exf3 30. Qxd7 Re7 31. Qd3 Rae8 32. Qxf3 Qxa2 33. Rd2 Qc4 34. Kg2 a6 35. Rfd1 Qe4 36. Rd7 Qxf3+ 37. Kxf3 Kf7 38. R7d6 Re6 39. Rd7+ R6e7 40. R7d6 Re2 41. Rb6 R8e7 42. Rd8 R2e6 43. Rdd6 Rxd6 44. Rxd6 Re6 45. Rd7+ Re7 46. Rd6 h6 47. Rb6 Kg7 48. c4 Rc7 49. b3 g5 50. Ke3 h5 51. Kd4 Re7 52. c5 h4 53. gxh4 gxh4 54. c6 bxc6 55. Rxa6 Re4+ 56. Kc5 h3 57. Ra1 Kf6 58. Rh1 Rh4 59. Kxc6 h2 60. Kc5 Kg5 61. b4 Kf4 62. b5 Kf3 63. b6 Kg2 64. b7 Rh8 65. Rb1 h1=Q 66. Rxh1 Kxh1 67. Kd5 Kg2 68. f4 Kf3 69. Ke5 Kg4 70. Kd6 Kxf4 71. Kd7 Rh7+ 72. Kc6 Rxb7 73. Kxb7 Ke3 74. Kc6 f4 0-1


[Site "https://www.chess.com"]

[Event "Titled Tuesday Blitz February 15 Late 2022"]
[White "Gurevich, Dmitry"]
[Black "Daianu, Cristian-Clement"]
[WhiteFideId "2000407"]
[BlackFideId "1208926"]
[WhiteElo "2506"]
[BlackElo "2159"]
[Result "1-0"]
[Round "06"]
[TimeControl "180+1"]
[Date "2022.02.16"]
[WhiteClock "0:00:11"]
[BlackClock "0:00:38"]

1. d4 d6 2. Nf3 Nd7 3. g3 e5 4. Bg2 f5 5. O-O Ngf6 6. c4 Be7 7. Nc3 O-O 8. d5 Qe8 9. e4 a6 10. Ng5 Nb6 11. exf5 Bxf5 12. b3 h6 13. Ne6 Bxe6 14. dxe6 c6 15. Be3 Nc8 16. Qe2 Qg6 17. f4 Ng4 18. Bh3 Nxe3 19. Qxe3 exf4 20. Rxf4 Bf6 21. Re1 Ne7 22. Ne4 Be5 23. Rxf8+ Rxf8 24. Qd2 Qh5 25. Bg2 d5 26. Nc5 dxc4 27. Nd7 c3 28. Qd3 Rd8 29. Rxe5 Rxd7 30. exd7 1-0


[Site "https://www.chess.com"]

[Event "Titled Tuesday Blitz February 15 Late 2022"]
[White "Hambleton, Aman"]
[Black "Iturrizaga Bonelli, Eduardo"]
[WhiteFideId "2606577"]
[BlackFideId "3901211"]
[WhiteElo "2552"]
[BlackElo "2646"]
[Result "0-1"]
[Round "06"]
[TimeControl "180+1"]
[Date "2022.02.15"]
[WhiteClock "0:00:02"]
[BlackClock "0:00:06"]

1. d4 Nf6 2. Bf4 g6 3. Nc3 Bg7 4. e4 d6 5. Qd2 c6 6. O-O-O b5 7. f3 b4 8. Nce2 Qa5 9. Kb1 O-O 10. Bh6 e5 11. Nc1 Be6 12. Nge2 Nbd7 13. h4 Nb6 14. Nb3 Qa4 15. h5 Nc4 16. Qc1 a5 17. hxg6 fxg6 18. Bxg7 Kxg7 19. Qh6+ Kg8 20. g4 Rf7 21. dxe5 dxe5 22. g5 Nd7 23. f4 exf4 24. Ned4 Nxb2 25. Kxb2 Qa3+ 26. Kb1 a4 27. Rh2 axb3 28. cxb3 Ne5 29. Nxe6 Ng4 30. Qh3 Ne3 31. Rc1 f3 32. Bc4 f2 33. Rhh1 Qxa2# 0-1


[Site "https://www.chess.com"]

[Event "Titled Tuesday Blitz February 15 Late 2022"]
[White "Hamley, Ryan"]
[Black "Dev, Shah"]
[WhiteFideId "30959497"]
[BlackFideId "35019058"]
[WhiteElo "2419"]
[BlackElo "2098"]
[Result "1-0"]
[Round "06"]
[TimeControl "180+1"]
[Date "2022.02.16"]
[WhiteClock "0:01:25"]
[BlackClock "0:00:14"]

1. d4 d5 2. c4 c6 3. Nf3 Nf6 4. e3 e6 5. Qc2 Nbd7 6. Nbd2 Bd6 7. b3 b6 8. Bb2 Bb7 9. Bd3 Qc7 10. O-O O-O 11. Rac1 Rac8 12. Rfe1 h6 13. h3 c5 14. Qb1 Qb8 15. e4 dxe4 16. Nxe4 Nxe4 17. Bxe4 Bxe4 18. Qxe4 Nf6 19. Qh4 Be7 20. dxc5 Rxc5 21. Red1 Rd8 22. Rxd8+ Qxd8 23. Qg3 Rf5 24. Nd4 Rg5 25. Qf3 Bc5 26. Rd1 Bxd4 27. Bxd4 Rf5 28. Qe2 Qe7 29. Be5 Nd7 30. Bd4 e5 31. Bc3 Nc5 32. Rd5 1-0


[Site "https://www.chess.com"]

[Event "Titled Tuesday Blitz February 15 Late 2022"]
[White "Ibarra Jerez, Jose Carlos"]
[Black "Sargsyan, Anna M."]
[WhiteFideId "2226332"]
[BlackFideId "13308130"]
[WhiteElo "2626"]
[BlackElo "2271"]
[Result "0-1"]
[Round "06"]
[TimeControl "180+1"]
[Date "2022.02.15"]
[WhiteClock "0:01:29"]
[BlackClock "0:00:59"]

1. d4 d5 2. Nf3 Nf6 3. Bg5 Ne4 4. Bc1 Nf6 5. Bf4 c5 6. e3 Nc6 7. c3 Bg4 8. Qb3 Qb6 9. dxc5 Qxb3 10. axb3 Bxf3 11. gxf3 e5 12. Bg5 Bxc5 13. b4 Bb6 14. Nd2 Nd7 15. Nb3 f6 16. Bh4 h5 17. f4 exf4 18. exf4 Ne7 19. Bd3 Kf7 20. Kd1 Rhg8 21. Rg1 g6 22. Ke2 Nf8 23. Kf3 Ne6 24. Bg3 Rh8 25. h3 h4 26. Bh2 f5 27. Rae1 Ng8 28. Rxe6 Kxe6 29. Rxg6+ Nf6 30. Rg5 Ne4 31. Rg6+ Kf7 32. Rg1 Rhg8 33. Ra1 Rae8 34. Na5 Nxf2 35. Bxf5 Re3+ 36. Kxf2 Rxh3+ 37. Ke2 Rxh2+ 0-1


[Site "https://www.chess.com"]

[Event "Titled Tuesday Blitz February 15 Late 2022"]
[White "Indjic, Aleksandar"]
[Black "Golubev, Mikhail"]
[WhiteFideId "911925"]
[BlackFideId "14100983"]
[WhiteElo "2616"]
[BlackElo "2374"]
[Result "1-0"]
[Round "06"]
[TimeControl "180+1"]
[Date "2022.02.15"]
[WhiteClock "0:00:14"]
[BlackClock "0:00:03"]

1. e4 c5 2. Nc3 d6 3. d4 cxd4 4. Qxd4 Nc6 5. Qd2 g6 6. b3 Bh6 7. f4 f5 8. Bb2 Nf6 9. O-O-O O-O 10. Nge2 fxe4 11. Nxe4 Nxe4 12. Qd5+ Rf7 13. Qxe4 Bf5 14. Qa4 b5 15. Qxb5 Rc8 16. Nc3 Bxf4+ 17. Kb1 Ne5 18. g3 Bh6 19. Qa4 Bg7 20. Ba6 Rc5 21. Rd5 Qc7 22. Rxc5 Qxc5 23. Rc1 Bh6 24. Rd1 Qf2 25. Ne4 Qf3 26. Re1 e6 27. Bxe5 dxe5 28. Bd3 Bf8 29. Kb2 Qh5 30. h4 Qg4 31. Qc4 Bxe4 32. Rxe4 Qxg3 33. Qxe6 Qg1 34. Bc4 1-0


[Site "https://www.chess.com"]

[Event "Titled Tuesday Blitz February 15 Late 2022"]
[White "Iskusnyh, Sergei"]
[Black "Grigorov, Grigor"]
[WhiteFideId "4120027"]
[BlackFideId "2907313"]
[WhiteElo "2492"]
[BlackElo "2510"]
[Result "0-1"]
[Round "06"]
[TimeControl "180+1"]
[Date "2022.02.15"]
[WhiteClock "0:00:02"]
[BlackClock "0:00:09"]

1. d4 Nf6 2. c4 e6 3. g3 d5 4. Nf3 Be7 5. Bg2 O-O 6. O-O dxc4 7. Qa4 b6 8. Qxc4 Bb7 9. Nc3 c5 10. dxc5 Bxc5 11. Bg5 Nbd7 12. Rad1 Rc8 13. Qa4 Bc6 14. Qxa7 Ra8 15. Bxf6 gxf6 16. Rxd7 Rxa7 17. Rxd8 Rxd8 18. Rc1 f5 19. Ne5 Bxg2 20. Kxg2 Rd2 21. Nc4 Rd8 22. a3 Bd4 23. Nb5 Rb7 24. Rd1 Bf6 25. Rc1 Rd5 26. a4 Rc5 27. b3 Rd7 28. Rc2 Rd1 29. e3 Rb1 30. Rd2 Rxb3 31. Nxb6 Rc1 32. Nd7 Be7 33. Ne5 Bf6 34. Nd7 Ba1 35. Nd6 Rbb1 36. h4 Rd1 37. Nc4 Rxd2 38. Nxd2 Rd1 39. Nb3 Rxd7 40. Nxa1 Ra7 41. Nb3 Rxa4 42. Nd4 Kg7 43. Nf3 Kf6 44. Ng5 h6 45. Nh3 e5 46. Ng1 Ra2 47. Nf3 Ke6 48. h5 Kf6 0-1


[Site "https://www.chess.com"]

[Event "Titled Tuesday Blitz February 15 Late 2022"]
[White "Jaferian, Koosha"]
[Black "Koepke, Christian"]
[WhiteFideId "12507440"]
[BlackFideId "4655737"]
[WhiteElo "2027"]
[BlackElo "2180"]
[Result "1-0"]
[Round "06"]
[TimeControl "180+1"]
[Date "2022.02.16"]
[WhiteClock "0:00:47"]
[BlackClock "0:00:11"]

1. Nf3 d5 2. b3 Bf5 3. Bb2 e6 4. g3 Nd7 5. Bg2 Ngf6 6. O-O h6 7. d3 Be7 8. Nbd2 O-O 9. e3 a5 10. a4 c6 11. Qe2 b5 12. Ne1 Nb6 13. f4 bxa4 14. bxa4 Rb8 15. Nb3 Nbd7 16. h3 c5 17. Bc3 c4 18. Nxa5 cxd3 19. cxd3 Qc7 20. Rc1 Bb4 21. Bxb4 Qxc1 22. Bxf8 Nxf8 23. Nc2 Qb2 24. Nc6 Rb3 25. Ne7+ Kh7 26. Nxf5 exf5 27. Rf2 Qc3 28. Nd4 Ra3 29. Nxf5 Rxa4 30. g4 g6 31. Nd4 Ra3 32. g5 Nh5 33. Bxd5 Ng3 34. Qf3 Ra1+ 35. Kg2 Nf5 36. Nxf5 gxf5 37. Qh5 Ng6 38. Qxh6+ Kg8 39. Qxg6+ Qg7 40. Bxf7+ Kf8 41. Qxg7+ Kxg7 42. Bc4 1-0


[Site "https://www.chess.com"]

[Event "Titled Tuesday Blitz February 15 Late 2022"]
[White "Jakubowski, Krzysztof"]
[Black "Yoo, Christopher Woojin"]
[WhiteFideId "1112848"]
[BlackFideId "30909694"]
[WhiteElo "2365"]
[BlackElo "2105"]
[Result "0-1"]
[Round "06"]
[TimeControl "180+1"]
[Date "2022.02.15"]
[WhiteClock "0:00:03"]
[BlackClock "0:00:02"]

1. e4 c5 2. Nf3 e6 3. d4 cxd4 4. Nxd4 Nf6 5. Nc3 Nc6 6. Ndb5 Bc5 7. Bf4 O-O 8. Bc7 Qe7 9. Bd6 Bxd6 10. Qxd6 Qd8 11. O-O-O Ne8 12. Qg3 a6 13. Nd6 Nxd6 14. Rxd6 Qa5 15. Be2 b5 16. Kb1 b4 17. Nd1 Qc5 18. Rd2 d5 19. exd5 exd5 20. Bd3 Be6 21. h4 d4 22. h5 h6 23. Qf4 Ne5 24. Be4 Rac8 25. b3 Nc4 26. Re2 Na3+ 27. Kc1 Qb5 28. Rd2 d3 29. Ne3 Nxc2 30. Nxc2 dxc2 31. Bxc2 Bf5 32. Re1 Qc5 33. Re5 Qc3 34. Qxf5 Qa1# 0-1


[Site "https://www.chess.com"]

[Event "Titled Tuesday Blitz February 15 Late 2022"]
[White "Kamsky, Gata"]
[Black "Jobava, Baadur"]
[WhiteFideId "2000024"]
[BlackFideId "13601520"]
[WhiteElo "2645"]
[BlackElo "2617"]
[Result "1-0"]
[Round "06"]
[TimeControl "180+1"]
[Date "2022.02.15"]
[WhiteClock "0:00:20"]
[BlackClock "0:00:06"]

1. d4 d5 2. Bf4 Nf6 3. e3 Bf5 4. c4 e6 5. Nc3 c6 6. Qb3 Qc8 7. Nf3 Be7 8. Be2 h6 9. O-O Nbd7 10. Rfc1 O-O 11. h3 Re8 12. cxd5 Nxd5 13. Bh2 N7f6 14. a3 a5 15. Nd2 Bg6 16. Nc4 a4 17. Qd1 Nxc3 18. Rxc3 Nd5 19. Rcc1 Qd8 20. Bf3 Nb6 21. Ne5 Bh7 22. Bh5 Rf8 23. Nd3 Bxd3 24. Qxd3 Ra5 25. Be2 Bd6 26. Bxd6 Qxd6 27. b4 Rg5 28. h4 Rg6 29. Bh5 Rf6 30. Qe4 Ra8 31. Rc5 Nd7 32. Rc2 Qd5 33. Bf3 Rd8 34. Rac1 Nb6 35. Rc5 Qa2 36. Qd3 Nd5 37. R5c2 Qb3 38. Qxb3 axb3 39. Rb2 Ra8 40. Rxb3 Kf8 41. b5 cxb5 42. Rxb5 Rxa3 43. Rc8+ Ke7 44. Rxb7+ Kd6 45. e4 Rfxf3 46. e5# 1-0


[Site "https://www.chess.com"]

[Event "Titled Tuesday Blitz February 15 Late 2022"]
[White "Kavyev, Ruslan"]
[Black "Herrera Reyes, Jose Antonio"]
[WhiteFideId "34110981"]
[BlackFideId "2274914"]
[WhiteElo "2182"]
[BlackElo "2361"]
[Result "1-0"]
[Round "06"]
[TimeControl "180+1"]
[Date "2022.02.15"]
[WhiteClock "0:02:19"]
[BlackClock "0:01:57"]

1. d4 Nf6 2. c4 c5 3. d5 b5 4. cxb5 a6 5. bxa6 g6 6. Nc3 Bg7 7. e4 O-O 8. Be2 Qa5 9. Bd2 Bxa6 10. e5 Ne8 11. Nf3 d6 12. e6 fxe6 13. Ng5 Nc7 14. Nb5 Qxb5 15. Bxb5 Bxb5 16. Nxe6 Nxe6 17. dxe6 Nc6 18. Bc3 Nd4 19. f3 Rf5 20. Kf2 Bf6 21. Re1 Bh4+ 22. Kg1 Bxe1 23. Qxe1 Re5 24. Qh4 Rxe6 25. Bxd4 cxd4 26. Qxd4 Rc8 27. Qd5 Bc4 28. Qb7 Rc5 29. b4 1-0


[Site "https://www.chess.com"]

[Event "Titled Tuesday Blitz February 15 Late 2022"]
[White "Klukin, Kirill"]
[Black "Vovk, Orest"]
[WhiteFideId "24199273"]
[BlackFideId "14113490"]
[WhiteElo "2324"]
[BlackElo "2203"]
[Result "1-0"]
[Round "06"]
[TimeControl "180+1"]
[Date "2022.02.16"]
[WhiteClock "0:00:43"]
[BlackClock "0:00:14"]

1. c4 g5 2. d4 h6 3. h4 g4 4. Nc3 Bg7 5. Bf4 c5 6. e3 Nc6 7. Qxg4 Kf8 8. d5 Bxc3+ 9. bxc3 Qa5 10. Rc1 Qa3 11. e4 Nf6 12. Qd1 Na5 13. e5 Ne8 14. Bd3 d6 15. Ne2 dxe5 16. Bxe5 f6 17. Bf4 Nd6 18. Bxd6 exd6 19. Nf4 Bg4 20. Qxg4 Qxc1+ 21. Ke2 Re8+ 22. Ne6+ Rxe6+ 23. Qxe6 Qxh1 24. Qxf6+ Kg8 25. Qd8+ Kf7 26. Qd7+ Kg8 27. Qe8+ Kg7 28. Qe7+ Kg8 29. Bg6 1-0


[Site "https://www.chess.com"]

[Event "Titled Tuesday Blitz February 15 Late 2022"]
[White "Kobo, Ori"]
[Black "Goltseva, Ekaterina"]
[WhiteFideId "2812320"]
[BlackFideId "24173770"]
[WhiteElo "2420"]
[BlackElo "2140"]
[Result "0-1"]
[Round "06"]
[TimeControl "180+1"]
[Date "2022.02.15"]
[WhiteClock "0:00:01"]
[BlackClock "0:00:07"]

1. d4 Nf6 2. c4 e6 3. Nc3 Bb4 4. f3 d5 5. a3 Be7 6. e4 dxe4 7. fxe4 c5 8. d5 exd5 9. exd5 O-O 10. Bd3 Bd6 11. Nge2 a6 12. O-O Bg4 13. h3 Bh5 14. Bg5 Nbd7 15. Qc2 Qc7 16. Ne4 Nxe4 17. Bxe4 Bg6 18. Bxg6 hxg6 19. Nc3 Rae8 20. Rae1 Be5 21. Kh1 Qb8 22. Ne4 b6 23. b4 Qc7 24. Qd3 f5 25. Nd2 Bg3 26. Re6 Rxe6 27. dxe6 Nf6 28. Bxf6 gxf6 29. Nf3 Re8 30. Qd7 Qxd7 31. exd7 Rd8 32. Rd1 Kf7 33. Kg1 Ke7 34. Kf1 Rxd7 35. Rxd7+ Kxd7 36. Ke2 Bd6 37. bxc5 Bxc5 38. a4 Ke6 39. Kd3 g5 40. Kc3 f4 41. Kd3 Kf5 42. Nd2 g4 43. hxg4+ Kxg4 44. Ke2 f5 45. Kf1 Kg3 46. Nb3 f3 47. gxf3 Kxf3 48. a5 Ke4 49. axb6 Bxb6 50. c5 Bc7 51. Ke2 a5 52. Nd2+ Kd5 53. Kf3 Kxc5 54. Nb3+ Kb4 55. Nd4 f4 56. Ne6 Bd6 57. Nd4 a4 58. Nf5 Bb8 59. Ne7 Kb3 60. Nc6 Bd6 61. Nd4+ Kb2 62. Nb5 Bb8 0-1


[Site "https://www.chess.com"]

[Event "Titled Tuesday Blitz February 15 Late 2022"]
[White "Kopczynski, Michal"]
[Black "Hakemi, Arman"]
[WhiteFideId "1124200"]
[BlackFideId "22520805"]
[WhiteElo "2235"]
[BlackElo "2208"]
[Result "1-0"]
[Round "06"]
[TimeControl "180+1"]
[Date "2022.02.16"]
[WhiteClock "0:01:39"]
[BlackClock "0:01:15"]

1. e4 c5 2. d4 cxd4 3. c3 d3 4. Bxd3 Nc6 5. f4 g6 6. Nf3 Bg7 7. O-O d6 8. Kh1 Nf6 9. Qe1 O-O 10. Be3 Bg4 11. Nbd2 Bxf3 12. Rxf3 e5 13. f5 d5 14. fxg6 hxg6 15. Bg5 Qd6 16. Bxf6 Bxf6 17. exd5 Qxd5 18. Bc4 Qd8 19. Qf2 Bh4 20. g3 Bg5 21. Rxf7 Rxf7 22. Qxf7+ Kh8 23. Ne4 Bh6 24. Qxg6 Qf8 25. Rf1 Qg7 26. Qxg7+ Bxg7 27. Rf7 Rd8 28. Kg2 Rd1 29. b4 Rc1 30. Rxb7 1-0


[Site "https://www.chess.com"]

[Event "Titled Tuesday Blitz February 15 Late 2022"]
[White "Kraus, Tomas"]
[Black "Karttunen, Mika"]
[WhiteFideId "331708"]
[BlackFideId "502081"]
[WhiteElo "2389"]
[BlackElo "2343"]
[Result "0-1"]
[Round "06"]
[TimeControl "180+1"]
[Date "2022.02.16"]
[WhiteClock "0:00:01"]
[BlackClock "0:00:12"]

1. e4 c5 2. Nc3 d6 3. f4 Nc6 4. Nf3 g6 5. g3 Bg7 6. Bg2 Nf6 7. d3 O-O 8. O-O Bg4 9. Ne2 c4 10. h3 Bxf3 11. Bxf3 cxd3 12. cxd3 Qb6+ 13. Kg2 e5 14. f5 gxf5 15. exf5 d5 16. Kh2 e4 17. dxe4 dxe4 18. Bg2 Rfd8 19. Qc2 Nb4 20. Qb3 Rd3 21. Qc4 Nc6 22. Bxe4 Ne5 23. Qa4 Nxe4 24. Qxe4 Re8 25. Kh1 Qc6 26. Qxc6 Nxc6 27. Nf4 Rxg3 28. Kh2 Rg5 29. Be3 Rxe3 30. Rad1 Re8 31. Rd7 Be5 32. h4 Rxf5 0-1


[Site "https://www.chess.com"]

[Event "Titled Tuesday Blitz February 15 Late 2022"]
[White "Kushko, Dmitriy"]
[Black "Novikova, Galina"]
[WhiteFideId "14162261"]
[BlackFideId "4157095"]
[WhiteElo "2225"]
[BlackElo "1863"]
[Result "1-0"]
[Round "06"]
[TimeControl "180+1"]
[Date "2022.02.16"]
[WhiteClock "0:00:14"]
[BlackClock "0:00:11"]

1. Nf3 f5 2. g3 Nf6 3. Bg2 e6 4. O-O d6 5. c4 Be7 6. d4 O-O 7. Nc3 Nc6 8. d5 Ne5 9. Nd2 exd5 10. cxd5 Qe8 11. h3 f4 12. gxf4 Ng6 13. Nf3 Nh5 14. e3 Bd7 15. Nd4 Qc8 16. Qxh5 Rf6 17. Ne4 Rf8 18. Ng3 Bf6 19. Ne6 Bxe6 20. dxe6 Kh8 21. f5 Ne5 22. f4 Nd3 23. Qe2 Nxc1 24. Raxc1 Bh4 25. Nh5 Bf6 26. Nxf6 Rxf6 27. e4 d5 28. Rcd1 dxe4 29. Bxe4 Qf8 30. Kh1 Rh6 31. Kh2 Qf6 32. Rd3 Re8 33. Rfd1 Rh4 34. Qf3 h6 35. Qg3 c6 36. R1d2 Rh5 37. Bf3 Rh4 38. Rd4 a5 39. Re4 b5 40. e7 Kh7 41. Re6 Qxf5 42. Be4 Rxh3+ 43. Qxh3 Qxe4 44. Rxe4 1-0


[Site "https://www.chess.com"]

[Event "Titled Tuesday Blitz February 15 Late 2022"]
[White "Lavrik, Dmitry"]
[Black "Khater, Sherif"]
[WhiteFideId "24113190"]
[BlackFideId "2034280"]
[WhiteElo "2369"]
[BlackElo "2562"]
[Result "1-0"]
[Round "06"]
[TimeControl "180+1"]
[Date "2022.02.16"]
[WhiteClock "0:00:44"]
[BlackClock "0:00:42"]

1. e4 g6 2. d4 Bg7 3. Nc3 d6 4. Be3 a6 5. h4 h5 6. Qd2 b5 7. Nf3 Nd7 8. Ng5 Ngf6 9. e5 Ng4 10. e6 Nde5 11. dxe5 fxe6 12. exd6 exd6 13. Bd3 O-O 14. Bxg6 b4 15. Nce4 d5 16. O-O-O Qe7 17. Bc5 Qd7 18. Bxf8 Qa4 19. Qf4 Bxb2+ 20. Kxb2 Qa3+ 21. Kb1 1-0


[Site "https://www.chess.com"]

[Event "Titled Tuesday Blitz February 15 Late 2022"]
[White "Le Goff, Ronan"]
[Black "Mikhalsky, Vladimir"]
[WhiteFideId "612073"]
[BlackFideId "14144352"]
[WhiteElo "2276"]
[BlackElo "2248"]
[Result "0-1"]
[Round "06"]
[TimeControl "180+1"]
[Date "2022.02.16"]
[WhiteClock "0:01:32"]
[BlackClock "0:00:28"]

1. d4 Nf6 2. Nc3 g6 3. e4 d6 4. f4 Bg7 5. Nf3 O-O 6. h3 c5 7. dxc5 Qa5 8. cxd6 Nxe4 9. dxe7 Re8 10. Bd2 Nxc3 11. Bxc3 Bxc3+ 12. bxc3 Qxc3+ 13. Kf2 Qc5+ 14. Qd4 Qxc2+ 15. Be2 Nc6 16. Qf6 Rxe7 17. Rhe1 Re6 18. Qh4 Qc5+ 19. Kf1 h5 20. Rac1 Qe7 21. Bc4 Qxh4 22. Nxh4 Rxe1+ 23. Rxe1 Bf5 24. Nxf5 gxf5 25. Bd5 Rd8 26. Bxc6 bxc6 27. Re5 Rd5 28. Re7 Ra5 29. Rc7 Rxa2 30. Rxc6 Kg7 31. Rd6 h4 32. Rc6 a5 33. Ra6 a4 34. Kg1 f6 35. Kh2 a3 36. Ra7+ Kg6 37. Ra8 Kf7 38. Ra7+ Ke6 39. Ra6+ Kd5 40. Rxf6 Ke4 41. Rh6 Rf2 42. Ra6 a2 43. Ra4+ Ke3 44. Kg1 Rb2 45. Kh2 Kd3 46. Kg1 Rc2 47. Kf1 Kc3 48. g4 hxg3 49. h4 Kb2 50. h5 a1=Q+ 51. Rxa1 Kxa1 52. h6 Rh2 53. h7 Rxh7 54. Kg2 Kb2 55. Kxg3 Kc3 56. Kf3 Kd3 57. Kg3 Ke2 58. Kg2 Rg7+ 59. Kh3 Kf3 60. Kh4 Kxf4 61. Kh5 Rg4 62. Kh6 Ke5 63. Kh5 Kf6 64. Kh6 Rh4# 0-1


[Site "https://www.chess.com"]

[Event "Titled Tuesday Blitz February 15 Late 2022"]
[White "Levin, Anthony"]
[Black "Komissarov, Alexey"]
[WhiteFideId "30940680"]
[BlackFideId "4176545"]
[WhiteElo "1868"]
[BlackElo "2216"]
[Result "0-1"]
[Round "06"]
[TimeControl "180+1"]
[Date "2022.02.16"]
[WhiteClock "0:00:03"]
[BlackClock "0:00:05"]

1. d4 Nf6 2. c4 g6 3. g3 Bg7 4. Bg2 O-O 5. Nf3 Nc6 6. d5 Na5 7. Qd3 d6 8. Nc3 c5 9. O-O Rb8 10. e4 a6 11. Bf4 b5 12. b3 Nh5 13. e5 Nxf4 14. gxf4 bxc4 15. bxc4 Rb4 16. Rab1 Rxc4 17. Ne4 Bf5 18. Rfe1 Qd7 19. Nfd2 Rd4 20. Qc3 Qa4 21. Rb6 Nc4 22. Nxc4 Rxc4 23. Qe3 Bxe4 24. Bxe4 dxe5 25. fxe5 Bxe5 26. Bd3 Bd4 27. Qxe7 Qxa2 28. Bxc4 Qxf2+ 29. Kh1 Qf3# 0-1


[Site "https://www.chess.com"]

[Event "Titled Tuesday Blitz February 15 Late 2022"]
[White "Li, Hui"]
[Black "Levine, David"]
[WhiteFideId "15400310"]
[BlackFideId "2011611"]
[WhiteElo "1954"]
[BlackElo "2155"]
[Result "1-0"]
[Round "06"]
[TimeControl "180+1"]
[Date "2022.02.16"]
[WhiteClock "0:00:05"]
[BlackClock "0:00:01"]

1. e4 e5 2. Nf3 Nc6 3. Bb5 a6 4. Bxc6 dxc6 5. O-O Bg4 6. h3 h5 7. d3 Qf6 8. Nbd2 Ne7 9. Re1 Ng6 10. d4 Bxf3 11. Nxf3 O-O-O 12. Bg5 Rxd4 13. Qxd4 exd4 14. Bxf6 gxf6 15. Nxd4 Bc5 16. Nb3 Bb6 17. c4 c5 18. Kh2 Re8 19. g3 h4 20. Rad1 c6 21. Kg2 a5 22. Nc1 Bc7 23. Nd3 b6 24. g4 Rd8 25. b3 Rxd3 26. Rxd3 Nf4+ 27. Kf3 Nxd3 28. Rd1 Ne5+ 29. Ke3 Ng6 30. Rh1 Kd7 31. Ke2 Ke6 32. Ke3 Be5 33. Kf3 Bd4 34. Kg2 Ke5 35. Kf3 Nf8 36. Rg1 Ne6 37. Rd1 Ng5+ 38. Kg2 Kf4 39. f3 b5 40. a3 a4 41. bxa4 bxa4 42. Rb1 Bc3 43. Rb6 Bd4 44. Rxc6 Bb2 45. Ra6 Bxa3 46. Rxa4 Bb4 47. Ra6 Ke5 48. Ra7 Ne6 49. Ra1 Kd4 50. Rd1+ Ke3 51. Rd7 1-0


[Site "https://www.chess.com"]

[Event "Titled Tuesday Blitz February 15 Late 2022"]
[White "Lin, Dachey"]
[Black "Tari, Aryan"]
[WhiteFideId "2029650"]
[BlackFideId "1510045"]
[WhiteElo "2739"]
[BlackElo "2567"]
[Result "1-0"]
[Round "06"]
[TimeControl "180+1"]
[Date "2022.02.15"]
[WhiteClock "0:00:16"]
[BlackClock "0:00:04"]

1. Nc3 c5 2. e4 Nc6 3. f4 g6 4. Nf3 Bg7 5. Bc4 a6 6. a4 e6 7. f5 gxf5 8. d3 Nge7 9. O-O d5 10. exd5 exd5 11. Ba2 O-O 12. Bg5 Be6 13. Qd2 f6 14. Be3 Qd6 15. Rae1 Bf7 16. d4 c4 17. Ne2 Ng6 18. c3 Rae8 19. Bb1 Re4 20. Ng3 f4 21. Nxe4 dxe4 22. Bxf4 Nxf4 23. Bxe4 Bg6 24. Nh4 Nd3 25. Nxg6 hxg6 26. Bxd3 cxd3 27. Qxd3 f5 28. Qc4+ Kh7 29. Re6 Qd7 30. Rfe1 Bf6 31. d5 Nd8 32. R6e3 Nf7 33. Qd3 Nd6 34. c4 Ne4 35. b3 Kg7 36. Rf1 Qd6 37. g3 Qc5 38. Kg2 a5 39. g4 Nd6 40. Rg3 Be5 41. Re3 Bd4 42. Re7+ Nf7 43. Rfe1 Bf6 44. Rxb7 fxg4 45. Rf1 Qd6 46. Qe4 Kh6 47. Qxg4 Ne5 48. Qh3+ Kg5 49. Kh1 Ng4 50. Rh7 1-0


[Site "https://www.chess.com"]

[Event "Titled Tuesday Blitz February 15 Late 2022"]
[White "Loay, Sameer"]
[Black "Kosteniuk, Alexandra"]
[WhiteFideId "8104239"]
[BlackFideId "4128125"]
[WhiteElo "2040"]
[BlackElo "2469"]
[Result "0-1"]
[Round "06"]
[TimeControl "180+1"]
[Date "2022.02.16"]
[WhiteClock "0:00:06"]
[BlackClock "0:01:02"]

1. Nf3 Nf6 2. g3 d5 3. Bg2 c6 4. O-O Bg4 5. d3 Nbd7 6. Nbd2 e5 7. h3 Bxf3 8. Nxf3 Bd6 9. c4 O-O 10. Rb1 Re8 11. b4 e4 12. dxe4 Nxe4 13. cxd5 Nc3 14. Qd3 Nxe2+ 15. Kh2 Nxc1 16. Rfxc1 Nf6 17. b5 cxd5 18. Nd4 Qb6 19. Nf5 Bf8 20. Rc2 Rad8 21. a4 g6 22. Nd4 Bg7 23. Nb3 Ne4 24. a5 Qf6 25. f3 Nc3 26. Rbc1 d4 27. f4 Re3 28. Qc4 h5 29. h4 Qe7 30. Rd2 Re2 31. Rxe2 Nxe2 32. Rd1 Nxg3 33. Kxg3 Qe3+ 34. Kh2 Qxf4+ 35. Kg1 Be5 36. Rf1 Qh2+ 37. Kf2 Qxh4+ 38. Ke2 d3+ 39. Qxd3 Rxd3 40. Kxd3 Qg3+ 41. Bf3 g5 42. Ke4 Qf4+ 43. Kd5 Qe3 44. Be4 Bf4 45. Nc5 b6 46. Nd7 Kg7 47. axb6 axb6 48. Bf5 Qd2+ 49. Kc6 Qd6+ 50. Kb7 Be3 51. Re1 Qd5+ 52. Ka6 Qxf5 53. Rxe3 Qxd7 54. Rc3 h4 55. Rc6 h3 56. Kxb6 h2 57. Rc1 Qd6+ 58. Ka7 Qa3+ 0-1


[Site "https://www.chess.com"]

[Event "Titled Tuesday Blitz February 15 Late 2022"]
[White "Lopez Gracia, Fernando"]
[Black "Dias, Joao Batista"]
[WhiteFideId "2207184"]
[BlackFideId "2108240"]
[WhiteElo "2436"]
[BlackElo "1898"]
[Result "1-0"]
[Round "06"]
[TimeControl "180+1"]
[Date "2022.02.16"]
[WhiteClock "0:01:39"]
[BlackClock "0:01:10"]

1. c4 c5 2. Nf3 g6 3. d4 Bg7 4. e4 cxd4 5. Nxd4 Nc6 6. Be3 d6 7. Nc3 Nf6 8. Be2 O-O 9. O-O a6 10. Rc1 Bd7 11. f4 Rc8 12. b3 Qa5 13. Bf3 Rfd8 14. Qe1 e5 15. Nde2 exf4 16. Nxf4 Ne5 17. Ncd5 Nxd5 18. Qxa5 Nxe3 19. Rfe1 N3g4 20. Bxg4 Bxg4 21. h3 Bd7 22. Rcd1 Bc6 23. Nd5 Re8 24. Nb4 Re6 25. Nxc6 Rxc6 26. Qd8+ Bf8 27. Rd5 Kg7 28. Rf1 Be7 29. Qe8 Bf6 30. Qb8 Rb6 31. Qc7 Rc6 32. Qxb7 Re7 33. Qa8 Nd7 34. Qxc6 1-0


[Site "https://www.chess.com"]